 Dungeon Crawl Stone Soup version 0.25.0-10-g039870ee82 (webtiles) character file.

Game seed: 2534031875197279711

323 mopl the Vexing (level 6, -1/41 HPs)
             Began as a Demonspawn Enchanter on June 22, 2020.
             Was an Initiate of Dithmenos.
             Shot with an arrow by a centaur (4 damage)
             ... on level 5 of the Dungeon.
             The game lasted 00:06:54 (4236 turns).

mopl the Vexing (Demonspawn Enchanter)              Turns: 4236, Time: 00:06:55

Health: -1/41      AC:  2    Str:  9    XL:     6   Next: 23%
Magic:  6/10       EV: 12    Int: 16    God:    Dithmenos [......]
Gold:   111        SH:  0    Dex: 15    Spells: 5/11 levels left

rFire    . . .     SeeInvis .   a - +1 dagger (elec)
rCold    . . .     Gourm    .   (no shield)
rNeg     . . .     Faith    .   b - +0 robe
rPois    .         Spirit   .   (helmet restricted)
rElec    .         Reflect  .   (no cloak)
rCorr    .         Harm     .   (no gloves)
MR       .....                  (no boots)
Stlth    ++++......             (no amulet)
HPRegen  0.13/turn              m - ring of stealth
MPRegen  0.12/turn              (no ring)

@: no status effects
A: antennae 2, powered by death 1
a: Renounce Religion


You were on level 5 of the Dungeon.
You worshipped Dithmenos.
Dithmenos was noncommittal.
You were not hungry.

You visited 2 branches of the dungeon, and saw 6 of its levels.

You collected 111 gold pieces.

Inventory:

Hand Weapons
 a - a +1 dagger of electrocution (weapon)
Armour
 b - a +0 robe (worn)
Jewellery
 m - a ring of stealth (left hand)
Wands
 i - a wand of acid (4)
 k - a wand of paralysis (6)
Scrolls
 e - a scroll of remove curse
 j - a scroll of immolation
 l - a scroll of enchant weapon {unknown}
Potions
 d - a potion of lignification
 f - 4 potions of haste
 g - a potion of resistance {unknown}
 h - a potion of berserk rage {unknown}
 n - a potion of curing {unknown}
Comestibles
 c - 5 rations


   Skills:
 - Level 0.8 Short Blades
 - Level 1.7 Dodging
 * Level 4.5 Stealth
 + Level 3.1 Spellcasting
 * Level 4.7 Hexes
 + Level 1.8 Ice Magic
 + Level 1.2 Invocations


You had 5 spell levels left.
You knew the following spells:

 Your Spells              Type           Power        Failure   Level  Hunger
a - Corona                Hex            ###....      2%          1    #......
b - Ensorcelled Hibernat  Hex/Ice        ##....       8%          2    ##.....
d - Tukima's Dance        Hex            ###.....     9%          3    ###....

Your spell library contained the following spells:

 Spells                   Type           Power        Failure   Level  Hunger
 Confusing Touch          Hex            ###.....     9%          3    ###....
 Dazzling Flash           Conj/Hex       ##....       22%         3    ###....


Dungeon Overview and Level Annotations

Branches:
Dungeon (6/15)             Temple (1/1) D:6

Altars:
Ashenzari
Cheibriados
Dithmenos
Elyvilon
Fedhas
Gozag
Hepliaklqana
Kikubaaqudgha
Makhleb
Nemelex Xobeh
Okawaru
Qazlal
Ru
Sif Muna
Trog
Uskayaw
Vehumet
Wu Jian


Innate Abilities, Weirdness & Mutations

You have a pair of antennae on your head.
You regenerate a little health from kills.


Message History

You see here an arrow.
The centaur shoots an arrow.
The arrow hits you!
You see here an arrow.
Casting: Ensorcelled Hibernation (safe; 8% risk of failure)
Confirm with . or Enter, or press ? or * to list all spells.
Aiming: Ensorcelled Hibernation (safe; 8% risk of failure)
Press: ? - help, Shift-Dir - straight line, f - centaur
Aim: a centaur, wielding a +0 shortbow and quivering 11 arrows (chance to defeat MR: 43%)
The centaur resists with some effort.
The centaur shoots an arrow.
The arrow hits you!
* * * LOW HITPOINT WARNING * * *
The centaur shoots an arrow.
The arrow closely misses you.
Casting: Ensorcelled Hibernation (safe; 8% risk of failure)
Confirm with . or Enter, or press ? or * to list all spells.
Aiming: Ensorcelled Hibernation (safe; 8% risk of failure)
Press: ? - help, Shift-Dir - straight line, f/p - centaur
Aim: a centaur, wielding a +0 shortbow and quivering 9 arrows (chance to defeat MR: 43%)
The centaur resists with some effort.
The centaur shoots an arrow.
The arrow hits you.
You die...

#. ##.#.##
#.# ##..#..#
...###......
..(..#.c...#
#..........#
#..........##
....>.......#
.......@...#
..!.%..(..##
......#(>.#
..(..####..#
....# ..#
.... ..# #..
.## #. .# ##


You could see a centaur.

Vanquished Creatures
  A scorpion (D:3)
  A crimson imp (D:6)
  3 orc priests
  An orc wizard (D:3)
  A worker ant (D:6)
  3 adders
  A shadow imp (D:6)
  An ooze (D:1)
  3 worms
  2 dart slugs
  3 orcs (D:3)
  A giant cockroach (D:2)
  6 hobgoblins
  2 quokkas
  4 bats
  2 frilled lizards
  6 goblins
  7 kobolds
  5 rats
53 creatures vanquished.

Notes
Turn   | Place    | Note
-------+----------+-------------------------------------------
     0 | D:1      | mopl the Demonspawn Enchanter began the quest for the Orb.
     0 | D:1      | Reached XP level 1. HP: 13/13 MP: 3/3
   264 | D:1      | You fall into a shaft and drop 1 floor!
   285 | D:2      | Gained mutation: You have a pair of small antennae on your
                  | head. [demonic ancestry]
   285 | D:2      | Reached XP level 2. HP: 7/19 MP: 1/5
   500 | D:2      | Learned a level 2 spell: Ensorcelled Hibernation
  1682 | D:1      | You fall into a shaft and drop 1 floor!
  1695 | D:2      | Found an ancient bone altar of Kikubaaqudgha.
  2198 | D:2      | Reached XP level 3. HP: 17/24 MP: 1/6
  2947 | D:2      | Found a hazy altar of Hepliaklqana.
  2992 | D:3      | Learned a level 3 spell: Tukima's Dance
  3030 | D:3      | Noticed a scorpion
  3070 | D:3      | Killed a scorpion
  3070 | D:3      | Reached skill level 1 in Ice Magic
  3070 | D:3      | Reached XP level 4. HP: 20/30 MP: 2/7
  3414 | D:3      | Gained mutation: You have a pair of antennae on your head.
                  | [demonic ancestry]
  3414 | D:3      | Reached XP level 5. HP: 6/35 MP: 6/9
  3819 | D:3      | You fall into a shaft and drop 3 floors!
  3819 | D:6      | Found a staircase to the Ecumenical Temple.
  3828 | Temple   | Entered the Ecumenical Temple
  3978 | Temple   | Became a worshipper of Dithmenos the Shadowed
  4022 | D:6      | Noticed a phantom
  4125 | D:6      | Reached skill level 1 in Invocations
  4125 | D:6      | Gained mutation: You regenerate a little health from kills.
                  | [demonic ancestry]
  4125 | D:6      | Reached XP level 6. HP: 31/41 MP: 7/10
  4179 | D:6      | Noticed an orc warrior
  4232 | D:5      | Entered Level 5 of the Dungeon
  4236 | D:5      | Shot with an arrow by a centaur

Illustrated notes

Levels and vault maps discovered:
D:1:      minmay_arrival_widening_spiral_narrow, layout_loops_corners
D:2:      layout_loops_ring, kiku_gazebo_garden_becter,
          nicolae_overflow_hidden_temple, first_ration, minmay_crystal_water
D:3:      layout_loops_ring, lemuel_tele_altar
D:5:      gammafunk_steamed_eel, layout_cave_pools
D:6:      layout_layer_cave, minmay_temple_entry_trees, serial_shops,
          nicolae_shop_behind_doors, serial_bayou_crossing,
          uniq_crazy_yiuf_cottage
Temple:   eino_temple_rhombus

Skill      XL: |  1  2  3  4  5 |
---------------+----------------+-----
Stealth        | 3 4 |  4.5
Hexes          | 4 |  4.7
Ice Magic      | 1 |  1.8
Spellcasting   | 3 |  3.1
Invocations    | 1 |  1.2
Short Blades   | |  0.8
Dodging        | |  1.7

Action                   |  1- 3 |  4- 6 || total
-------------------------+-------+-------++-------
Melee: Dagger            |   104 |    52 ||   156
 Cast: Ensorcelled Hiber |    15 |    11 ||    26
       Corona            |     3 |       ||     3
  Use: Scroll            |     8 |     1 ||     9
 Stab: Sleeping          |    15 |     8 ||    23
  Eat: Chunk             |     7 |     5 ||    12
Armor: Robe              |    14 |     6 ||    20
Dodge: Dodged            |    54 |    24 ||    78
